 Dungeon Crawl Stone Soup version 0.20-a0-1025-g4706f7e (webtiles) character file.

261940 JeffiDaFish the Hoplite (level 19, -8/145 HPs)
             Began as a Gargoyle Fighter on Apr 19, 2017.
             Was the Champion of Okawaru.
             Mangled by a red ugly thing (31 damage)
             ... on level 2 of the Vaults on Apr 20, 2017.
             The game lasted 01:38:42 (38589 turns).

JeffiDaFish the Hoplite (Gargoyle Fighter)         Turns: 38589, Time: 01:38:42

Health: -8/145     AC: 46    Str: 39    XL:     19   Next: 97%
Magic:  28/28      EV: 11    Int: 10    God:    Okawaru [******]
Gold:   1238       SH: 27    Dex: 17    Spells: 14/18 levels left

rFire    x . .     SeeInvis +   J - +6 shillelagh "Devastator" {shatter}
rCold    . . .     Gourm    .   F - +0 large shield {reflect}
rNeg     + . .     Faith    .   h - +4 plate armour
rPois    ∞         Spirit   .   z - +1 hat of Insecurity {-Tele rElec Str+5 SInv}
rElec    +         Reflect  +   G - +2 cloak {rPois}
rCorr    .         Harm     .   H - +2 pair of gloves {archery}
MR       +....     NoTele   +   g - +2 pair of boots (curse)
Stlth    ..........             (no amulet)
Regen    0.4/turn               r - ring of Lots {rF- MP+9 Str+5 Dex+2 Stlth-}
MPRegen  0.3/turn               t - +6 ring of strength

@: flying, slowed, very slow
A: big wings, clever 1, deterioration 1, mutation resistance 1, negative energy
resistance 1, robust 1, electricity resistance, unbreathing, petrification
resistance, rot immunity, AC +13
}: 2/15 runes: barnacled, gossamer
a: Stop Flying, Heroism, Finesse, Renounce Religion


You were on level 2 of the Vaults.
You worshipped Okawaru.
Okawaru was exalted by your worship.
You were not hungry.

You visited 7 branches of the dungeon, and saw 34 of its levels.
You also visited: Ice Cave.

You collected 3639 gold pieces.
You spent 2401 gold pieces at shops.

Inventory:

Hand Weapons
 J - the +6 shillelagh "Devastator" (weapon) {shatter}
   (You found it in an ice cave)
 N - a +8 eveningstar of holy wrath
Armour
 g - a cursed +2 pair of boots (worn)
 h - a +4 plate armour (worn)
 x - the +1 hat of Ticiteq {Stlth+}
   (You acquired it on level 1 of the Lair of Beasts)

   It makes you more stealthy.
 z - the +1 hat of Insecurity (worn) {-Tele rElec Str+5 SInv}
   (Okawaru gifted it to you on level 1 of the Vaults)

   It affects your strength (+5).
   It insulates you from electricity.
   It lets you see invisible.
   It prevents most forms of teleportation.
 F - a +0 large shield of reflection (worn)
 G - a +2 cloak of poison resistance (worn)
 H - a +2 pair of gloves of archery (worn)
Jewellery
 r - the ring of Lots (left hand) {rF- MP+9 Str+5 Dex+2 Stlth-}
   (You found it on level 9 of the Dungeon)

   [ring of loudness]

   It affects your strength (+5).
   It affects your dexterity (+2).
   It makes you vulnerable to fire.
   It affects your magic capacity (+9).
   It makes you less stealthy.
 t - a +6 ring of strength (right hand)
 v - an uncursed ring of protection from cold
 y - an uncursed ring of protection from fire
Wands
 p - a wand of scattershot (7/9)
Scrolls
 d - 3 scrolls of magic mapping
 e - a scroll of identify
 j - 3 scrolls of teleportation
 m - 11 scrolls of amnesia
 n - 24 scrolls of remove curse
 q - a scroll of summoning
 A - 3 scrolls of blinking
 E - 6 scrolls of fear
Potions
 a - a potion of heal wounds
 k - 2 potions of invisibility
 l - 3 potions of agility
 s - 7 potions of curing
 w - 9 potions of ambrosia
 D - 2 potions of might
 K - 2 potions of berserk rage
Books
 u - Padozy's Reference Book on Ignition
   (You found it on level 4 of the Shoals)

   Spells                             Type                      Level
   a - Flame Tongue                   Conjuration/Fire             1
   b - Conjure Flame                  Conjuration/Fire             3
   c - Sticky Flame                   Conjuration/Fire             4
   d - Fireball                       Conjuration/Fire             5
   e - Bolt of Fire                   Conjuration/Fire             6
 C - a book of Geomancy

   Spells                             Type                      Level
   a - Sandblast                      Earth                        1
   b - Passwall                       Transmutation/Earth          2
   c - Stone Arrow                    Conjuration/Earth            3
   d - Petrify                        Transmutation/Earth          4
   e - Lee's Rapid Deconstruction     Earth                        5
 I - a book of Power

   Spells                             Type                      Level
   a - Iskenderun's Battlesphere      Conjuration/Charms           5
   b - Venom Bolt                     Conjuration/Poison           5
   c - Bolt of Magma                  Conjuration/Fire/Earth       5
   d - Iron Shot                      Conjuration/Earth            6
   e - Orb of Destruction             Conjuration                  7
   f - Spellforged Servitor           Conjuration/Summoning        7
Comestibles
 b - 17 fruits
 c - 6 chunks of flesh
 f - 16 bread rations
 i - 8 meat rations
 o - 14 royal jellies


   Skills:
 + Level 18.7 Fighting
   Level 0.6 Short Blades
 + Level 17.9 Maces & Flails
 + Level 15.6 Armour
 + Level 3.8 Dodging
 - Level 2.1 Stealth
 + Level 21.4 Shields
 + Level 0.1 Evocations


You had 14 spell levels left.
You knew the following spells:

 Your Spells              Type           Power        Failure   Level  Hunger
a - Sticky Flame          Conj/Fire      #.......     100%        4    #####..


Dungeon Overview and Level Annotations

Branches:
Dungeon (15/15)            Temple (1/1) D:6            Lair (6/6) D:9
 Shoals (4/4) Lair:3       Spider (4/4) Lair:4        Slime (0/5) Lair:6
    Orc (2/2) D:10            Elf (0/3) Orc:2        Vaults (2/5) D:13
 Depths (0/5) D:15
  Crypt: Vaults:2-3

Altars:
Ashenzari
Cheibriados
Dithmenos
Elyvilon
Fedhas
Gozag
Hepliaklqana
Kikubaaqudgha
Makhleb
Nemelex Xobeh
Okawaru
Qazlal
Ru
Sif Muna
Trog
Uskayaw
Vehumet
Wu Jian
Xom
Yredelemnul
Zin
The Shining One
Beogh
Jiyva

Shops:
D:13 :?=:   Orc:1 (   Orc:2 *(=[!   Shoals:4 ?:!   Vaults:1 [   Vaults:2 ?

Annotations:
Shoals:2 exclusion: 2 oklob plants


Innate Abilities, Weirdness & Mutations

You are resistant to torment.
Your stone body is resilient. (AC +13)
You are immune to poison.
Your large and strong wings let you fly indefinitely.
You resist negative energy. (rN+)
You are resistant to electric shocks. (rElec)
You can survive without breathing.
You are immune to petrification.
You are immune to rotting.
Your mind is acute. (Int +2)
Your body sometimes deteriorates upon taking damage.
You are somewhat resistant to further mutation.
You are robust. (+10% HP)


Message History

The yaktaur hits you but does no damage.
You block the red ugly thing's attack. x2; You block the vault warden's attack.
The vault warden activates a sealing rune.
Two slime creatures merge to form a very large slime creature.
You block the freezing wraith's attack. x2
The yaktaur hits you but does no damage.
The red ugly thing headbutts you but does no damage.
You continue taking off the +1 hat of Insecurity {-Tele rElec Str+5 SInv}.
You block the red ugly thing's attack.
The vault warden hits you with an enchanted battleaxe!!
* * * LOW HITPOINT WARNING * * *
You block the brown ugly thing's attack.
The vault warden hits you but does no damage.
The yaktaur hits you but does no damage.
The freezing wraith hits you but does no damage. x2
The red ugly thing headbutts you but does no damage.
The red ugly thing headbutts you!
* * * LOW HITPOINT WARNING * * *
You are engulfed in flames!!
The fire burns you terribly!
You die...

#...).#
#.......)........
#...†[#
#.........(...)..
###(###
#.p.......)..####
##...
#.#######+##.#
##...c
#.#......).+.#
##..s.#
#.#.....)..#.#
##..p..
#.#....uu..# #
##......
#...cupJ.#.#
#########
#...u@pJ⌠.⌠# .
#...uJWO.∩.# .
#.....J.⌠.⌠# .
#........#.# #
#........#.#
#+######## # ..


You could see 2 vault wardens, 5 ugly things, a very large slime creature, 3
slime creatures, a two-headed ogre, a yaktaur and a freezing wraith.

Vanquished Creatures
  Mara (Shoals:3)
  Rupert (D:13)
  Polyphemus (Shoals:3)
  3 krakens
  Ilsuiw (Shoals:4)
  5 vault wardens (Vaults:1)
  A frost giant (IceCv)
  An orc warlord (Orc:2)
  3 ghost moths
  2 emperor scorpions
  6 ironheart preservers
  3 entropy weavers
  A deep elf demonologist (Vaults:1)
  4 spark wasps
  The ghost of pedrorm the Carver, a journeyman MiFi (Spider:1)
  Snorg (Lair:3)
  11 merfolk impalers
  2 merfolk javelineers
  Fannar (Lair:2)
  3 yaktaur captains
  4 vault guards (Vaults:1)
  3 fire dragons
  2 catoblepae
  Erica (Lair:2)
  2 ice dragons
  6 merfolk avatars
  3 merfolk aquamancers (Shoals:4)
  An alligator snapping turtle (Shoals:4)
  9 two-headed ogres
  4 satyrs (Shoals:4)
  7 centaur warriors
  6 ogre magi
  The ghost of Jynri the Destroyer, a novice DrCj of Vehumet (D:8)
  2 death yaks (Shoals:3)
  2 deep troll earth magi (Vaults:1)
  An orc high priest (Orc:2)
  2 deep elf knights
  Sonja (Lair:2)
  A fire crab (D:15)
  2 deep trolls (Vaults:1)
  7 sea snakes
  An unseen horror (D:12)
  A swamp dragon (Lair:6)
  A flayed ghost (Vaults:1)
  2 harpies (shapeshifter)
  2 lindwurms (Lair:6)
  A phantasmal warrior (Vaults:2)
  35 wolf spiders
  Pikel (D:9)
  9 ironbrand convokers
  9 orc knights
  9 harpies
  8 manticores
  2 orc sorcerers (Orc:2)
  18 orb spiders
  6 ugly things
  11 fauns (Shoals:4)
  4 deep elf magi
  11 cyclopes
  9 elephants (Lair:6)
  7 merfolk sirens
  A black mamba (shapeshifter) (D:15)
  7 black mambas
  2 moths of wrath
  An ice statue (IceCv)
  A centaur zombie (D:12)
  9 torpor snails
  5 vault sentinels (Vaults:1)
  5 water nymphs
  Psyche (D:9)
  A centaur skeleton (D:15)
  19 spiny frogs
  An efreet (D:13)
  4 rime drakes
  10 yaktaurs
  9 demonic crawlers
  A kobold demonologist (D:13)
  6 komodo dragons
  39 merfolk
  A queen bee (D:13)
  45 jumping spiders
  3 meliai (D:15)
  7 trolls
  19 hornets
  4 wind drakes
  8 snapping turtles
  3 tyrant leeches (Lair:6)
  13 blink frogs
  17 polar bears
  21 slime creatures
  10 hippogriffs
  7 dream sheep
  A frost giant simulacrum (Vaults:1)
  33 tarantellas
  107 redbacks
  3 shadows
  2 wraiths
  41 yaks
  3 water elementals (Shoals:3)
  4 basilisks
  6 wyverns
  A hungry ghost (D:9)
  Menkaure (D:6)
  A warg (shapeshifter) (Vaults:1)
  9 vampire mosquitoes
  4 wargs
  16 water moccasins
  2 hell hounds (D:9)
  6 sky beasts
  6 porcupines
  41 orc warriors
  A slave (D:9)
  A necrophage (D:7)
  4 swamp drakes (Lair:6)
  4 black bears
  4 ice beasts
  27 ogres
  2 eyes of draining
  A phantom (D:8)
  25 centaurs
  15 wolves
  8 bullfrogs
  2 big kobolds
  21 crocodiles
  A gnoll sergeant (D:13)
  2 water moccasin skeletons
  8 scorpions
  24 killer bees
  4 wights (D:10)
  6 crimson imps
  2 hounds
  24 orc priests
  4 jellies
  A gnoll shaman (D:5)
  19 orc wizards
  3 bullfrog skeletons
  3 iguanas
  9 worker ants
  2 hound skeletons
  A worker ant zombie (D:7)
  18 gnolls
  13 adders
  3 shadow imps
  An ooze (D:4)
  An adder skeleton (D:4)
  2 adder zombies (D:6)
  7 worms
  6 dart slugs
  2 leopard geckos
  80 orcs
  2 ball pythons
  6 bats
  6 giant cockroaches
  7 goblins
  5 hobgoblins
  11 jackals
  6 quokkas
  6 frilled lizards
  23 kobolds
  2 quokka skeletons
  A quokka zombie (D:4)
  7 rats
  19 plants
  11 tentacles
1306 creatures vanquished.

Vanquished Creatures (others)
  An emperor scorpion (Spider:2)
  2 merfolk javelineers (Shoals:4)
  A vault guard (Vaults:1)
  A centaur warrior (Vaults:1)
  A cyclops (Vaults:2)
  A rime drake (Lair:6)
  2 yaktaurs (Vaults:1)
  3 slaves (D:9)
  A killer bee (D:13)
  An orc wizard (Orc:2)
  7 fungi (Lair:6)
  74 plants
  20 tentacles
115 creatures vanquished.

Grand Total: 1421 creatures vanquished

Notes
Turn   | Place    | Note
-------+----------+-------------------------------------------
     0 | D:1      | JeffiDaFish the Gargoyle Fighter began the quest for the Orb.
     0 | D:1      | Reached XP level 1. HP: 14/14 MP: 1/1
   141 | D:1      | Reached XP level 2. HP: 19/19 MP: 2/2
   830 | D:2      | Reached XP level 3. HP: 23/23 MP: 3/3
   877 | D:2      | Reached skill level 4 in Shields
  1072 | D:2      | Reached XP level 4. HP: 29/29 MP: 4/4
  2021 | D:3      | Reached XP level 5. HP: 22/33 MP: 5/5
  2187 | D:3      | Found a sparkling altar of Nemelex Xobeh.
  2218 | D:4      | Found a shattered altar of Ashenzari.
  2586 | D:4      | Reached XP level 6. HP: 37/39 MP: 6/6
  2802 | D:4      | Found a white marble altar of Elyvilon.
  3262 | D:4      | Gained mutation: You are robust. (+10% HP) [potion of mutation]
  3262 | D:4      | Gained mutation: Your mind is acute. (Int +2) [potion of mutation]
  3262 | D:4      | Gained mutation: Your body sometimes deteriorates upon taking damage. [potion of mutation]
  3262 | D:4      | Gained mutation: You are somewhat resistant to further mutation. [potion of mutation]
  3374 | D:5      | Entered Level 5 of the Dungeon
  3448 | D:5      | Reached XP level 7. HP: 42/48 MP: 7/7
  3451 | D:5      | Reached skill level 5 in Shields
  3478 | D:5      | Reached skill level 5 in Maces & Flails
  3823 | D:5      | Reached skill level 1 in Dodging
  4012 | D:5      | Reached skill level 5 in Fighting
  4117 | D:6      | Reached XP level 8. HP: 41/53 MP: 8/8
  4205 | D:6      | Reached skill level 6 in Shields
  4388 | D:6      | Reached skill level 5 in Armour
  4599 | D:6      | Found a radiant altar of Vehumet.
  4604 | D:6      | Found a bloodstained altar of Trog.
  4788 | D:6      | Found a staircase to the Ecumenical Temple.
  4843 | Temple   | Entered the Ecumenical Temple
  4902 | Temple   | Became a worshipper of Warmaster Okawaru
  5084 | D:6      | Noticed Menkaure
  5094 | D:6      | Killed Menkaure
  5348 | D:7      | Reached * piety under Okawaru
  5376 | D:7      | Found a sacrificial altar of Ru.
  5378 | D:7      | Noticed a yak
  5379 | D:7      | Noticed a yak
  5379 | D:7      | Noticed a yak
  5379 | D:7      | Noticed a yak
  5390 | D:7      | Noticed a yak
  5400 | D:7      | Killed a yak
  5400 | D:7      | Reached skill level 7 in Shields
  5400 | D:7      | Reached XP level 9. HP: 55/60 MP: 9/9
  5436 | D:7      | Reached ** piety under Okawaru
  5644 | D:7      | Found a hide-covered altar of Uskayaw.
  5714 | D:7      | Reached skill level 8 in Shields
  5845 | D:8      | Found a glowing silver altar of Zin.
  5846 | D:8      | Found an opulent altar of Gozag.
  5962 | D:8      | Reached XP level 10. HP: 41/67 MP: 10/10
  6232 | D:8      | Noticed Jynri's ghost (novice DrCj)
  6245 | D:8      | Killed Jynri's ghost
  6245 | D:8      | Reached skill level 10 in Maces & Flails
  6478 | D:8      | Reached *** piety under Okawaru
  7009 | D:9      | Reached skill level 9 in Shields
  7196 | D:9      | Paralysed by fainting for 11 turns
  7388 | D:9      | Reached **** piety under Okawaru
  7400 | D:9      | Found a staircase to the Lair.
  7464 | D:9      | Noticed Pikel
  7465 | D:9      | Noticed Psyche
  7483 | D:9      | Killed Pikel
  7630 | D:9      | Noticed a two-headed ogre
  7643 | D:9      | Killed a two-headed ogre
  7643 | D:9      | Reached XP level 11. HP: 29/73 MP: 11/11
  7765 | D:9      | Killed Psyche
  7765 | D:9      | Reached skill level 10 in Shields
  8007 | D:9      | Reached ***** piety under Okawaru
  8081 | D:9      | Found a shimmering altar of Xom.
  8082 | D:9      | Found a hazy altar of Hepliaklqana.
  8519 | D:9      | Got an ancient bone ring
  8521 | D:9      | Identified the ring of Lots {rF- MP+9 Str+5 Dex+2 Stlth-} (You found it on level 9 of the Dungeon)
  8822 | D:10     | Entered Level 10 of the Dungeon
  8864 | Lair:1   | Entered Level 1 of the Lair of Beasts
  8947 | Lair:1   | Identified a scroll of acquirement
  8948 | Lair:1   | Got a polished hat
  8959 | Lair:1   | Identified the +1 hat of Ticiteq {Stlth+} (You acquired it on level 1 of the Lair of Beasts)
  9632 | Lair:2   | Noticed Erica
  9664 | Lair:2   | HP: 2/75 [something/orb of energy (30)]
  9677 | Lair:2   | Killed Erica
 10019 | Lair:2   | Received a gift from Okawaru
 10019 | Lair:2   | Reached skill level 11 in Shields
 10038 | Lair:2   | Reached skill level 1 in Stealth
 10137 | Lair:2   | Noticed Sonja
 10300 | Lair:2   | Noticed Fannar
 10324 | Lair:2   | Killed Fannar
 10324 | Lair:2   | Reached XP level 12. HP: 49/82 MP: 12/12
 10629 | Lair:2   | Killed Sonja
 11143 | Lair:3   | Found a staircase to the Shoals.
 11267 | Lair:3   | Reached ****** piety under Okawaru
 11429 | Lair:3   | Noticed Snorg
 11447 | Lair:3   | Killed Snorg
 11718 | Lair:4   | Received a gift from Okawaru
 11983 | Lair:4   | Found a hole to the Spider Nest.
 12114 | Lair:4   | Reached skill level 12 in Shields
 12569 | Lair:5   | Got an ebony quick blade
 12570 | Lair:5   | Identified the +8 quick blade of Yshrel {venom, rPois} (You acquired it on level 5 of the Lair of Beasts)
 13007 | Lair:5   | You fall through a shaft!
 13007 | Lair:6   | Entered Level 6 of the Lair of Beasts
 13053 | Lair:6   | Received a gift from Okawaru
 13275 | Lair:6   | Reached XP level 13. HP: 29/90 MP: 13/13
 13664 | Lair:6   | Reached skill level 10 in Fighting
 13719 | Lair:6   | Noticed a fire dragon
 14038 | Lair:6   | Reached skill level 10 in Armour
 14042 | Lair:6   | Reached skill level 13 in Shields
 14598 | Lair:6   | Found a staircase to the Slime Pits.
 14598 | Lair:6   | Found a viscous altar of Jiyva.
 14739 | Lair:6   | Found a runed door.
 14742 | Lair:6   | Noticed a fire dragon
 14756 | Lair:6   | Killed a fire dragon
 15454 | Lair:6   | Received a gift from Okawaru
 15785 | Lair:6   | HP: 3/92 [lindwurm (9)]
 16320 | Lair:6   | Gained mutation: Your large and strong wings let you fly indefinitely. [Gargoyle growth]
 16320 | Lair:6   | Reached XP level 14. HP: 99/99 MP: 14/14
 17379 | D:10     | Found a staircase to the Orcish Mines.
 17399 | D:10     | Reached skill level 14 in Shields
 18201 | D:11     | Received a gift from Okawaru
 19635 | D:13     | Found Heush's Book Shop.
 19689 | D:13     | Bought a manual of Fighting for 1545 gold pieces
 19743 | D:13     | Reached skill level 15 in Maces & Flails
 19861 | D:13     | Found Teni's Book Emporium.
 20173 | D:13     | Found Waseguas's Jewellery Shoppe.
 20193 | D:13     | Found Wiziti's Magic Scroll Shop.
 20200 | D:13     | Bought a scroll of enchant armour for 90 gold pieces
 20200 | D:13     | Bought a scroll of enchant armour for 90 gold pieces
 20325 | D:13     | Noticed Rupert
 20364 | D:13     | Killed Rupert
 20801 | D:13     | Received a gift from Okawaru
 21064 | D:13     | Reached XP level 15. HP: 107/107 MP: 15/15
 21103 | D:13     | Found a gate to the Vaults.
 21249 | D:13     | Reached skill level 15 in Shields
 22258 | D:15     | Entered Level 15 of the Dungeon
 22684 | D:15     | Found a staircase to the Depths.
 23355 | Orc:1    | Entered Level 1 of the Orcish Mines
 23358 | Orc:1    | Found Mekh's Antique Weapon Emporium.
 23655 | Orc:2    | Entered Level 2 of the Orcish Mines
 23739 | Orc:2    | Noticed an orc warlord
 23799 | Orc:1    | Received a gift from Okawaru
 24009 | Orc:2    | Killed an orc warlord
 24009 | Orc:2    | Reached skill level 15 in Fighting
 24070 | Orc:2    | Found Syxtumeg's Distillery.
 24264 | Orc:2    | Found a frozen archway.
 24272 | Orc:2    | Paralysed by an orc sorcerer for 2 turns
 24274 | IceCv    | Entered an ice cave
 24930 | IceCv    | Noticed a frost giant
 24950 | IceCv    | Killed a frost giant
 25146 | Orc:2    | Reached skill level 16 in Shields
 25258 | Orc:2    | Found a staircase to the Elven Halls.
 25392 | Orc:2    | Found a roughly hewn altar of Beogh.
 25395 | Orc:2    | Found Fefuffo's General Store.
 25410 | Orc:2    | Found Haakkol's Antique Weapon Shop.
 25426 | Orc:2    | Found Larphi Hele's Antique Armour Shop.
 25433 | Orc:2    | Bought a runed plate armour for 676 gold pieces
 25561 | Orc:2    | Found Bisoc's Jewellery Shop.
 26097 | Spider:1 | Entered Level 1 of the Spider Nest
 26129 | Spider:1 | Reached XP level 16. HP: 121/121 MP: 16/16
 26147 | Spider:1 | Received a gift from Okawaru
 26313 | Spider:1 | Received a gift from Okawaru
 26575 | Spider:1 | Noticed pedrorm's ghost (journeyman MiFi)
 26590 | Spider:1 | Killed pedrorm's ghost
 27292 | Spider:2 | Reached skill level 17 in Shields
 27302 | Spider:2 | Received a gift from Okawaru
 27891 | Spider:2 | Found a roughly hewn altar of Beogh.
 28398 | Spider:3 | Received a gift from Okawaru
 28427 | Spider:3 | Identified the +4 morningstar "Duroin" {crush, rElec Stlth+} (Okawaru gifted it to you on level 3 of the Spider Nest)
 28719 | Spider:3 | Reached XP level 17. HP: 109/128 MP: 17/17
 29177 | Spider:4 | Entered Level 4 of the Spider Nest
 29236 | Spider:3 | Received a gift from Okawaru
 29758 | Spider:4 | Reached skill level 18 in Shields
 31012 | Spider:4 | Got a gossamer rune of Zot
 31386 | Shoals:1 | Entered Level 1 of the Shoals
 31790 | Shoals:1 | Received a gift from Okawaru
 32060 | Shoals:1 | Noticed a kraken
 32089 | Shoals:1 | Killed a kraken
 32756 | Shoals:2 | Reached XP level 18. HP: 136/136 MP: 18/18
 33569 | Shoals:2 | Reached skill level 19 in Shields
 33808 | Shoals:3 | Noticed Polyphemus
 33826 | Shoals:3 | Received a gift from Okawaru
 33840 | Shoals:3 | Killed Polyphemus
 34457 | Shoals:3 | Noticed Mara
 34497 | Shoals:3 | Killed Mara
 34988 | Shoals:4 | Entered Level 4 of the Shoals
 34988 | Shoals:4 | Found Aravublat's Distillery.
 34988 | Shoals:4 | Found Suuffeoreicw's Magic Scroll Shop.
 34988 | Shoals:4 | Found Qaopos's Book Boutique.
 35018 | Shoals:4 | Received a gift from Okawaru
 35058 | Shoals:4 | Noticed Ilsuiw
 35073 | Shoals:4 | Reached skill level 15 in Armour
 35080 | Shoals:4 | Killed Ilsuiw
 35356 | Shoals:4 | Reached skill level 20 in Shields
 35436 | Shoals:4 | Reached XP level 19. HP: 110/143 MP: 19/19
 35516 | Shoals:4 | Identified the Handbook of Entrancing Aid
 35734 | Shoals:4 | Identified the Handbook of Transmutation
 35869 | Shoals:4 | Identified Padozy's Reference Book on Ignition
 35876 | Shoals:4 | Learned a level 4 spell: Sticky Flame
 35888 | Shoals:4 | Got a barnacled rune of Zot
 36275 | Vaults:1 | Entered Level 1 of the Vaults
 36311 | Vaults:1 | Received a gift from Okawaru
 36339 | Vaults:1 | Got a translucent hat {god gift}
 36350 | Vaults:1 | Identified the +1 hat of Insecurity {-Tele rElec Str+5 SInv} (Okawaru gifted it to you on level 1 of the Vaults)
 37608 | Vaults:1 | Reached skill level 21 in Shields
 38101 | Vaults:1 | Found Avazuaw's Antique Armour Shop.
 38409 | Vaults:2 | Received a gift from Okawaru
 38542 | Vaults:2 | Found Baggetuu's Magic Scroll Emporium.
 38589 | Vaults:2 | Mangled by a red ugly thing

Vault maps used:
D:1:      minmay_arrival_arboretum_small
D:2:      corner_web_ring
D:3:      first_bread, nemelex_lonely_heart_becter
D:4:      minmay_wonky_spiral, lemuel_coloured_pillars_altar,
          cheibrodos_ashenzari_chains
D:6:      amethyst_overflow_temple_binary, minmay_temple_entry_poolview,
          uniq_menkaure
D:7:      basic_altar, lemuel_tele_altar
D:8:      grunt_temple_overflow_gold_and_silver, special_room
D:9:      regret_index_temple_of_mockery, minmay_lair_entry_lava, uniq_pikel,
          uniq_psyche
D:10:     erik_orc_4
D:13:     hangedman_vaults_entry_quadrant_bands, serial_shops, shop,
          nicolae_shop_crystal, shop, kennysheep_mini_moat, david_nohive_1,
          uniq_rupert
D:14:     patterned_corridor
D:15:     grunt_enter_depths_snipers, serial_park_avenue1
Temple:   regret_index_temple_waves
Lair:1:   lemuel_fruit_fields
Lair:2:   beast_lair_carwin_6, grunt_megastairs_1, uniq_erica, uniq_fannar,
          uniq_sonja
Lair:3:   shoals_dummy_entry, infiniplex_staircase_pool, uniq_snorg
Lair:4:   spider_nest_entry_webs
Lair:5:   grunt_forest_stairs_basic, minivault_11
Lair:6:   wormcave, guppyfry_lair_end_dragon, slime_altar_1
Shoals:1: nicolae_shoals_wave_tunnel
Shoals:2: nicolae_shoals_this_corrosion
Shoals:3: uniq_polyphemus, uniq_mara
Shoals:4: shoals_end_grunt_garden, shoals_ilsuiw_alternative, serial_shops,
          nicolae_shop_crystal, shop_fountains, shop
Spider:1: mumra_spider_spiderweb
Spider:2: nicolae_spider_mines_2
Spider:4: grunt_spider_rune_parallel, spider_trap
Orc:1:    serial_shops, shop
Orc:2:    grunt_orc_cross, portal_ice_cave_entry_pillars_1, serial_shops,
          nicolae_shop_trees
Vaults:1: v_alt_pattern_1, ontoclasm_vaults_loading_screen,
          hangedman_vaults_capsules, nicolae_vaults_little_squares_4,
          v_pattern_4, ontoclasm_vaults_shuriken, nicolae_vaults_shelves_hall,
          nicolae_vaults_rhombus_6, serial_ice_g, serial_shops,
          nicolae_shop_temple_entry_statues_fountains
Vaults:2: vaults_mumra_minichess_inversion, st_hourglassy,
          hangedman_vaults_trim, nicolae_vaults_shelves_hall,
          vaults_room_door_ring, vaults_room_grunt_arrival_ludios,
          nicolae_vaults_gold_heap, serial_shops, shop_fountains
IceCv:    ice_cave_caverns_03

Skill      XL: |  1  2  3  4  5  6  7  8  9 10 11 12 13 14 15 16 17 18 19 |
---------------+----------------------------------------------------------+-----
Shields        | 4 5 7 8 9 11 12 13 14 16 17 18 20 21 | 21.4
Maces & Flails | 3 4 5 7 9 10 12 13 14 15 16 17 | 17.9
Fighting       | 4 5 6 7 8 9 11 13 15 17 18 | 18.7
Armour         | 4 5 6 7 8 9 10 11 12 14 15 | 15.6
Dodging        | 1 2 3 |  3.8
Stealth        | 1 2 |  2.1
Short Blades   | |  0.6
Evocations     | |  0.1

Action                   |  1- 3 |  4- 6 |  7- 9 | 10-12 | 13-15 | 16-18 | 19-21 || total
-------------------------+-------+-------+-------+-------+-------+-------+-------++-------
Melee: Flail             |   115 |   256 |   301 |       |       |       |       ||   672
       Morningstar       |       |       |   116 |   734 |  1745 |   351 |       ||  2946
       Quick blade       |       |       |       |    17 |       |       |       ||    17
       Shillelagh        |       |       |       |       |    47 |   846 |   338 ||  1231
       Eveningstar       |       |       |       |       |       |   177 |    78 ||   255
Invok: Heroism           |       |       |     1 |       |     1 |       |       ||     2
 Abil: Fly               |       |       |       |       |     1 |       |       ||     1
Evoke: Wand              |       |       |       |     1 |       |       |       ||     1
  Use: Scroll            |     6 |     3 |     4 |    15 |    16 |    18 |     2 ||    64
       Potion            |     3 |     3 |     3 |    10 |     6 |     5 |     1 ||    31
 Stab: Petrified         |       |       |       |       |     3 |       |       ||     3
       Held in net/web   |       |       |       |       |       |     1 |       ||     1
       Distracted        |       |       |       |       |       |     1 |       ||     1
  Eat: Chunk             |     1 |     8 |     7 |    25 |    40 |    28 |    11 ||   120
       Royal jelly       |       |       |     1 |     1 |       |       |       ||     2
       Meat ration       |       |       |       |       |     1 |       |       ||     1
Armor: Chain mail        |    75 |   138 |   121 |       |       |       |       ||   334
       Scale mail        |     3 |       |       |       |       |       |       ||     3
       Plate armour      |       |       |    97 |   370 |   700 |   950 |   109 ||  2226
Dodge: Dodged            |    25 |    47 |    71 |   189 |   420 |   375 |    58 ||  1185
Block: Shield            |    67 |   133 |   262 |   607 |  1586 |  1287 |       ||  3942
       Large shield      |       |       |       |       |       |   322 |   355 ||   677
       Reflection        |       |       |       |       |       |    39 |    43 ||    82
